Map: Ulrena

Players

LiquidMaNa (MaNa) - Winner!

  • Race: Protoss Protoss
  • League: Master

SortOf

  • Race: Zerg Zerg
  • League: Master

Event: DreamHack ZOWIE Open Leipzig

VOD

Have the link to the VOD?

Description

Time

  • Played on: Jan. 22, 2016, 10:54 a.m.
  • Length: 6:12

All games in this series

Show
View Real Time Build Order
Export as new Build Order

LiquidMaNa Protoss - Winner!

Build Orders:  

Get SALT Encoding   

  12  0:00  Probe (Chrono Boost)  
  13  0:11  Probe (Chrono Boost)  
  14  0:20  Pylon  
  14  0:24  Probe (Chrono Boost)  
  15  0:39  Gateway  
  15  0:41  Probe (Chrono Boost)  
  16  0:50  Gateway  
  16  1:02  Gateway  
  17  1:04  Probe (Chrono Boost)  
  17  1:16  Assimilator  
  17  1:21  Probe (Chrono Boost)  
  18  1:28  Zealot (Chrono Boost)  
  18  1:29  Pylon  
  22  1:40  Zealot (Chrono Boost)  
  22  1:43  Probe  
  23  1:50  Zealot (Chrono Boost)  
  25  1:56  Cybernetics Core  
  25  2:04  Zealot (Chrono Boost)  
  27  2:13  Zealot (Chrono Boost)  
  29  2:16  Zealot (Chrono Boost)  
  31  2:31  Pylon  
  33  2:53  Adept (Chrono Boost)  
  33  3:00  Adept (Chrono Boost)  
  27  3:05  Stalker (Chrono Boost)  
  30  3:14  Warp Gate (Chrono Boost)  
  30  3:19  Stalker (Chrono Boost)  
  32  3:29  Zealot (Chrono Boost)  
  34  3:38  Mothership Core (Chrono Boost)  
  34  3:41  Zealot  
  38  3:46  Zealot  
  34  4:09  Zealot  
  28  4:17  Probe (Chrono Boost)  
  28  4:21  Zealot (Chrono Boost)  
  31  4:29  Probe  
  32  4:41  Probe  
  32  5:37  Zealot (Chrono Boost)  
  32  5:39  Pylon  
  32  5:46  Pylon x2  
  30  5:57  Probe  
  23  6:05  Zealot x2  
  23  6:08  Zealot  
Show
View Real Time Build Order
Export as new Build Order

SortOf Zerg 

Build Orders: Hatch First 

Get SALT Encoding   

  12  0:01  Drone  
  13  0:12  Overlord  
  13  0:18  Drone  
  14  0:30  Drone x2  
  14  0:35  Drone  
  17  0:45  Drone  
  18  0:56  Hatchery  
  17  0:58  Drone  
  17  1:04  Extractor  
  17  1:14  Spawning Pool  
  17  1:17  Drone  
  17  1:20  Drone  
  18  1:29  Drone  
  19  1:40  Overlord  
  20  2:01  Queen, Zergling x4  
  20  2:02  Spine Crawler  
  20  2:04  Metabolic Boost  
  20  2:08  Zergling x2  
  23  2:15  Zergling x2  
  24  2:19  Queen  
  26  2:25  Zergling x2  
  27  2:33  Zergling x2  
  28  2:41  Zergling x2  
  29  2:46  Zergling x2  
  26  2:53  Zergling x2  
  26  2:55  Zergling x2  
  25  3:00  Zergling x2  
  24  3:06  Zergling x2  
  24  3:12  Zergling x2  
  23  3:18  Zergling x2  
  24  3:23  Zergling x2  
  25  3:31  Zergling x4  
  25  3:32  Zergling x2  
  27  3:36  Drone  
  28  3:47  Drone x2  
  30  3:53  Zergling x2  
  30  3:58  Zergling x2  
  27  4:04  Zergling x2  
  27  4:06  Zergling x2  
  22  4:10  Zergling x2  
  22  4:13  Zergling x2  
  22  4:14  Zergling x2  
  24  4:20  Zergling x2  
  24  4:38  Overlord  
  24  4:52  Overlord  
  23  5:05  Zergling x4  
  25  5:11  Zergling x2  
  24  5:19  Zergling x2  
  25  5:22  Zergling x4  

Tags
 
Add a new tag
Caveats
  • Supply blocks, unpowered buildings, or Contaminate may cause inaccurate times.
  • Supply counts are checked every 10 seconds.